 Dungeon Crawl Stone Soup version 0.27-a0-3-gcf006a40f5 (webtiles) character file.

Game seed: 7016790158820290290

5560 tilp the Fighter (level 10, -5/110 HPs)
             Began as an Ogre Abyssal Knight on Jan 1, 2021.
             Was a High Priest of Lugonu.
             Slain by an orc warrior
             ... wielding a +0 war axe
              (22 damage)
             ... in a bailey.
             The game lasted 00:27:21 (12361 turns).

tilp the Fighter (Ogre Abyssal Knight)             Turns: 12361, Time: 00:27:21

Health: -5/110     AC:  6    Str: 18    XL:     10   Next: 71%
Magic:  14/14      EV:  9    Int: 16    God:    Lugonu [*****.]
Gold:   517        SH:  7    Dex: 14    Spells: 9/9 levels left

rFire    . . .     SeeInvis .   b - +2 whip (freeze)
rCold    . . .     Faith    +   O - +0 kite shield
rNeg     . . .     Spirit   .   J - +0 robe
rPois    +         Reflect  .   (helmet restricted)
rElec    +         Harm     .   v - +2 cloak
rCorr    .         Rampage  .   (gloves unavailable)
Will     ++...                  (boots unavailable)
Stlth    ++........             g - amulet of Rimmoerch {Faith rElec rPois Will+}
HPRegen  0.28/turn              c - +6 ring of dexterity
MPRegen  0.14/turn              L - ring of stealth

@: hasted, very quick
A: large, unfitting armour, tough skin 1
a: Renounce Religion, Depart the Abyss, Bend Space, Banish, Corrupt, Enter the
Abyss


You were in a bailey.
You worshipped Lugonu.
Lugonu was extremely pleased with you.
You visited 1 branch of the dungeon, and saw 8 of its levels.
You visited the Abyss 1 time.
You also visited: Sewer and Bailey.

You collected 597 gold pieces.
You spent 80 gold pieces at shops.

Inventory:

Hand Weapons
 a - a +2 mace
 b - a +2 whip of freezing (weapon)
 h - a +0 vorpal giant spiked club
 m - a +0 flail
Missiles
 f - 3 curare-tipped darts {!f}
 n - 366 stones
 A - 2 silver boomerangs (quivered)
 I - 19 poisoned darts
 N - 7 boomerangs
Armour
 v - a +2 cloak (worn)
 x - the +0 robe of Loelerib {-Cast rElec Int+7}
   (You found it on level 4 of the Dungeon)

   It affects your intelligence (+7).
   It insulates you from electricity.
   It prevents spellcasting.
 J - a +0 robe (worn)
 O - a +0 kite shield (worn)
Jewellery
 c - a +6 ring of dexterity (left hand)
 e - an uncursed ring of see invisible
 g - the amulet of Rimmoerch (around neck) {Faith rElec rPois Will+}
   (You found it on level 6 of the Dungeon)

   [amulet of faith]

   It allows you to gain divine favour quickly.
   It insulates you from electricity.
   It protects you from poison.
   It affects your willpower, your defense against some magical effects.
 L - a ring of stealth (right hand)
 Q - an uncursed ring of ice
Wands
 j - a wand of paralysis (2)
 y - a wand of digging (9)
 K - a wand of flame (16)
 M - a wand of acid (3)
 P - a wand of enslavement (7)
Scrolls
 p - 4 scrolls of remove curse
 q - 2 scrolls of enchant armour
 w - 2 scrolls of fear
 B - 3 scrolls of immolation
 C - 2 scrolls of enchant weapon
 D - a scroll of amnesia
 G - 3 scrolls of teleportation
 H - a scroll of fog
 R - 2 scrolls of identify
Potions
 d - 6 potions of curing
 i - 2 potions of flight
 k - 4 potions of haste
 l - 2 potions of invisibility {unknown}
 o - 2 potions of might
 r - a potion of degeneration {unknown}
 s - 4 potions of magic
 t - 2 potions of resistance
 u - 2 potions of heal wounds {unknown}
 z - 3 potions of brilliance {unknown}
 E - a potion of berserk rage {unknown}
 F - a potion of ambrosia {unknown}


   Skills:
 + Level 10.3 Fighting
 + Level 10.1 Maces & Flails
 - Level 4.0 Dodging
 + Level 6.4 Invocations
 + Level 4.3 Evocations


You had 9 spell levels left.
You didn't know any spells.
Your spell library was empty.

Dungeon Overview and Level Annotations

Branches:
Dungeon (8/15)             Temple (0/1) D:5           Sewer (visited)
 Bailey (1/1)
   Lair: D:8-11

Altars:
Ashenzari
Cheibriados
Hepliaklqana
Makhleb
Nemelex Xobeh
Ru
Vehumet

Shops:
D:4 }   D:6 **([=   D:7 (

Annotations:
D:5 1 runed translucent door, Crazy Yiuf
D:7 1 runed translucent door, skk's ghost, novice DsFi


Innate Abilities, Weirdness & Mutations

You are too large for most types of armour.
You have tough skin. (AC +1)


Message History

Lugonu accepts your kill.
Unknown command.
You closely miss the goblin. The goblin closely misses you.
You hit the goblin but do no damage. You barely miss the goblin.
The goblin closely misses you.
You hit the goblin. You freeze the goblin.
You kill the goblin!
Lugonu accepts your kill.
Evoke which item? (* to show all) (? for menu, Esc to quit)
Aiming: Enslavement
Press: ? - help, Shift-Dir - straight line, f/p - orc warrior
Aim: an orc warrior, wielding a +0 hand axe and wearing a +0 ring mail (heavily wounded, covered in acid, chance to affect: 59%)
The orc warrior resists with significant effort.
Unknown command.
You hit the orc warrior but do no damage.
The orc warrior is almost dead.
You hit the orc warrior but do no damage.
The orc warrior is almost dead.
The orc warrior hits you with a +0 war axe!!
You die...

#'###≈.≈###+#
#....≈.≈K...#
######+######
#)))# #.).#
#..)#
######)##
#[..#og.#..(
#!.@og8.....#
#..)#...#..[#
######.######
...# ...# ?}#
###


You could see 2 orc warriors, a gnoll and a goblin.

Vanquished Creatures
  A two-headed ogre (D:8)
  Pikel (D:6)
  Sigmund (D:6)
  Eustachio (D:4)
  2 water moccasins
  A hornet zombie (D:8)
  Duvessa (D:6)
  A sky beast (D:5)
  An eye of draining (D:8)
  5 orc warriors
  A phantom (D:7)
  2 ogres
  2 necrophages (D:7)
  2 centaurs
  7 big kobolds (D:6)
  3 bullfrogs
  Dowan (D:6)
  3 scorpions
  5 wights (D:6)
  A killer bee (D:4)
  A howler monkey (D:5)
  2 electric eels (D:6)
  A crimson imp (D:5)
  A bullfrog zombie (D:7)
  3 centaur zombies
  An orc wizard (D:8)
  2 hounds
  4 jellies
  A bullfrog skeleton (D:4)
  3 iguanas
  2 worker ants
  A hound zombie (D:5)
  2 hound skeletons
  Robin (D:3)
  2 worker ant zombies (D:8)
  5 gnolls
  14 adders
  4 river rats
  A shadow imp (D:7)
  A white imp (D:6)
  2 oozes
  An adder zombie (D:8)
  3 adder skeletons
  4 worms
  The ghost of Loops the Sneak, a weakling NaDe (D:5)
  5 dart slugs
  5 leopard geckos
  13 orcs
  9 bats
  9 giant cockroaches
  22 goblins
  3 hobgoblins
  8 jackals
  38 kobolds
  5 quokkas
  3 ball pythons
  18 frilled lizards
  A jackal zombie (D:5)
  A leopard gecko skeleton (D:6)
  A quokka skeleton (D:7)
  18 rats
264 creatures vanquished.

Vanquished Creatures (others)
  2 withered plants (D:7)
2 creatures vanquished.

Grand Total: 266 creatures vanquished

Notes
Turn   | Place    | Note
-------+----------+-------------------------------------------
     0 | Abyss:1  | tilp the Ogre Abyssal Knight began the quest for the Orb.
     0 | Abyss:1  | Reached XP level 1. HP: 24/24 MP: 2/2
    28 | Abyss:1  | Noticed a smoke demon
    29 | D:1      | Escaped the Abyss
   162 | D:1      | Reached * piety under Lugonu
   170 | D:1      | Reached XP level 2. HP: 18/33 MP: 3/3
   777 | D:1      | Reached XP level 3. HP: 41/41 MP: 4/4
  1120 | D:2      | Reached skill level 5 in Fighting
  1380 | D:2      | Reached XP level 4. HP: 41/50 MP: 5/5
  1567 | D:2      | Reached ** piety under Lugonu
  2414 | D:3      | Reached XP level 5. HP: 55/59 MP: 6/6
  2477 | D:3      | Found a glowing drain.
  2507 | Sewer    | Entered a sewer
  3185 | D:3      | Identified the cursed +0 helmet of the Endless Expanse
                  | {rPois rC- Dex+9 Slay-6}
  3185 | D:3      | Noticed Robin
  3209 | D:3      | Killed Robin
  3218 | D:3      | Reached *** piety under Lugonu
  3364 | D:3      | Reached XP level 6. HP: 54/67 MP: 7/7
  3776 | D:4      | Noticed Eustachio
  3864 | D:4      | Killed Eustachio
  3865 | D:4      | Reached skill level 5 in Maces & Flails
  3992 | D:4      | Got a fabulously ornate robe
  4073 | D:4      | Reached XP level 7. HP: 36/75 MP: 8/8
  4289 | D:4      | Identified the +0 robe of Loelerib {-Cast rElec Int+7} (You
                  | found it on level 4 of the Dungeon)
  4499 | D:4      | Found Hiutoy's Gadget Shoppe.
  4509 | D:4      | Bought a wand of paralysis (6) for 80 gold pieces
  4834 | D:5      | Entered Level 5 of the Dungeon
  5350 | D:5      | Found a radiant altar of Vehumet.
  5363 | D:5      | Found a burning altar of Makhleb.
  5428 | D:5      | Found a runed translucent door.
  5474 | D:5      | Reached XP level 8. HP: 70/87 MP: 10/10
  5620 | D:5      | Noticed Loops's ghost (weakling NaDe)
  6029 | D:5      | Found a staircase to the Ecumenical Temple.
  6033 | D:5      | Found a runed translucent door.
  6077 | D:5      | Found a runed translucent door.
  6078 | D:5      | Noticed Crazy Yiuf
  6134 | D:5      | Killed Loops's ghost
  6461 | D:6      | Noticed Dowan
  6462 | D:6      | Noticed Duvessa
  6962 | D:6      | Found Meytrysch's Jewellery Emporium.
  6990 | D:6      | Found Udwimm's Armour Shop.
  6995 | D:6      | Got a twitching platinum amulet
  7100 | D:6      | Found Jauhocua's Assorted Antiques.
  7135 | D:6      | Reached **** piety under Lugonu
  7231 | D:6      | Found Fosics's Antique Weapon Boutique.
  7337 | D:6      | Reached skill level 1 in Evocations
  7337 | D:6      | Reached XP level 9. HP: 74/95 MP: 12/12
  7444 | D:6      | Noticed Sigmund
  7486 | D:6      | Killed Sigmund
  7592 | D:6      | Noticed Pikel
  8070 | D:6      | Killed Dowan
  8337 | D:6      | Killed Pikel
  8338 | D:6      | Reached skill level 5 in Invocations
  8429 | D:6      | Killed Duvessa
  8693 | D:6      | Found a hazy altar of Hepliaklqana.
  8762 | D:6      | Found Owkoh's General Store.
  9939 | D:6      | Identified the amulet of Rimmoerch {Faith rElec rPois
                  | Will+} (You found it on level 6 of the Dungeon)
 10028 | D:7      | Reached XP level 10. HP: 65/107 MP: 14/14
 10050 | D:7      | Reached ***** piety under Lugonu
 10447 | D:7      | Found a runed translucent door.
 10448 | D:7      | Noticed skk's ghost (novice DsFi)
 10503 | D:7      | Found a snail-covered altar of Cheibriados.
 10503 | D:7      | Found a broken altar of Ashenzari.
 10504 | D:7      | Found a sacrificial altar of Ru.
 10527 | D:7      | Reached skill level 10 in Fighting
 11042 | D:7      | Found Awegal's Antique Weapon Boutique.
 11623 | D:8      | Found a sparkling altar of Nemelex Xobeh.
 11857 | D:8      | Noticed a two-headed ogre
 11867 | D:8      | Killed a two-headed ogre
 11868 | D:8      | Reached skill level 10 in Maces & Flails
 11950 | D:8      | Found a flagged portal.
 11961 | Bailey   | Entered a bailey
 12361 | Bailey   | Slain by an orc warrior

Illustrated notes

Levels and vault maps discovered:
D:1:      minmay_arrival_widening_spiral_wide, layout_loops_ring,
          minmay_tiny_reverse_x
D:2:      minmay_evil_eye, layout_basic
D:3:      layout_rooms, gup_sewer_entry_pipe, uniq_robin
D:4:      cheibrodos_barr_body, layout_basic, serial_shops, shop,
          minmay_misc_feat_cross, uniq_eustachio
D:5:      layout_basic, grunt_temple_overflow_lords_of_destruction,
          minmay_temple_entry_trees, ebering_ghost_sewer_f,
          minmay_misc_feat_secret_circle, uniq_crazy_yiuf_cottage
D:6:      minmay_goblin_kobold_castle, layout_layer_cave,
          nzn_hepliaklqana_mist_gate, serial_shops, kennysheep_mini, shop,
          nicolae_shop_behind_doors, shop, shop_coins, skrybe_limestone_x,
          uniq_sigmund, uniq_pikel, uniq_duvessa
D:7:      layout_rooms, chequers_temple_overflow_statue_of_worship,
          serial_shops, nicolae_shop_trees, gammafunk_ghost_grave, st_stairs_13
D:8:      layout_basic, nemelex_xobeh_ov_fountains_minmay, enter_bailey_2
Bailey:   bailey_axe_1, bailey

Skill      XL: |  1  2  3  4  5  6  7  8  9 10 |
---------------+-------------------------------+-----
Maces & Flails | 2 3 4 5 6 8 10 | 10.1
Fighting       | 5 6 7 8 9 10 | 10.3
Invocations    | 3 4 6 |  6.4
Evocations     | 1 3 4 |  4.3
Dodging        | 4 |  4.0

Action                   |  1- 3 |  4- 6 |  7- 9 | 10-12 || total
-------------------------+-------+-------+-------+-------++-------
Melee: Mace              |    90 |   258 |   232 |    75 ||   655
       Whip              |       |       |   169 |   205 ||   374
Throw: Dart              |     8 |    38 |    43 |    17 ||   106
       Boomerang         |       |       |    27 |     3 ||    30
Invok: Depart the Abyss  |     1 |       |       |       ||     1
       Bend Space        |       |       |     6 |     2 ||     8
Evoke: Wand              |       |       |    10 |     6 ||    16
  Use: Scroll            |     3 |    10 |    10 |     3 ||    26
       Potion            |       |       |       |     3 ||     3
 Stab: Sleeping          |       |     4 |     3 |     4 ||    11
       Distracted        |       |     1 |       |       ||     1
       Paralysed         |       |       |    13 |       ||    13
Armor: Robe              |    43 |    78 |    98 |    60 ||   279
Dodge: Dodged            |    47 |   155 |   172 |   120 ||   494
Block: Kite shield       |       |       |    15 |    91 ||   106

Table legend: (Time is in decaauts)
 A = Elapsed time spent in this place.
 B = Non-inter-level travel time spent in this place.
 C = Inter-level travel time spent in this place.
 D = Time resting spent in this place.
 E = Time spent auto-exploring this place.
 F = Levels seen in this place.
 G = Mean time per level.
                   A        B        C        D        E       F      G
               +--------+--------+--------+--------+--------+-----+--------+
         Total |  12414 |  11873 |    541 |   3961 |   4987 |  11 | 1128.5 |
       Dungeon |  11479 |  10938 |    541 |   3496 |   4822 |   8 | 1434.9 |
         Abyss |     29 |     29 |      0 |      0 |     28 |   1 |   29.0 |
         Sewer |    529 |    529 |      0 |    160 |    137 |   1 |  529.0 |
        Bailey |    376 |    376 |      0 |    305 |      0 |   1 |  376.0 |
               +--------+--------+--------+--------+--------+-----+--------+

Top non-repeatable levels by time:
     D:6: 3185 daAuts
     D:5: 1980 daAuts
     D:2: 1260 daAuts
     D:4: 1258 daAuts
     D:1: 1094 daAuts
     D:7: 1062 daAuts
     D:3: 1055 daAuts
     D:8: 581 daAuts
   Sewer: 529 daAuts
  Bailey: 376 daAuts
 Abyss:1: 29 daAuts
